Map: Taito Citadel LE

Players

HoldTheDoor - Winner!

  • Race: Protoss Protoss
  • League: Diamond
  • Spawn Location: 11:00

RipNik

  • Race: Terran Terran
  • League: Diamond
  • Spawn Location: 5:00

VOD

Have the link to the VOD?

Description

Time

  • Played on: May 9, 2026, 12:07 p.m.
  • Length: 18:44
Show
View Real Time Build Order
Export as new Build Order

HoldTheDoor Protoss - Winner!

Build Orders: Colossus Rush 

Get SALT Encoding   

  12  0:00  Probe  
  13  0:12  Probe  
  14  0:17  Pylon  
  14  0:24  Probe  
  15  0:32  Probe  
  15  0:38  Gateway  
  15  0:40  Probe  
  16  0:49  Assimilator  
  17  0:51  Probe  
  18  1:03  Probe  
  19  1:15  Probe  
  20  1:45  Probe  
  21  1:48  Zealot  
  22  1:57  Probe  
  22  2:00  Cybernetics Core  
  23  2:11  Assimilator  
  23  2:17  Nexus  
  23  2:20  Pylon  
  23  2:35  Stalker  
  23  2:36  Warp Gate  
  23  2:38  Probe  
  26  2:50  Probe  
  27  2:54  Gateway  
  27  2:55  Gateway  
  27  3:02  Robotics Facility, Probe  
  27  3:05  Pylon  
  28  3:16  Probe  
  29  3:28  Probe  
  29  3:30  Probe  
  29  3:32  Stalker  
  31  3:40  Probe  
  34  3:50  Immortal  
  34  3:54  Probe  
  39  3:59  Sentry  
  39  4:00  Shield Battery  
  41  4:11  Robotics Bay  
  41  4:16  Assimilator  
  41  4:18  Assimilator  
  41  4:28  Zealot x2  
  41  4:30  Zealot  
  47  4:34  Observer  
  48  4:40  Shield Battery  
  48  4:41  Pylon  
  48  4:44  Probe  
  49  4:47  Probe  
  49  4:52  Pylon  
  50  4:56  Probe  
  51  5:02  Probe  
  51  5:04  Colossus  
  52  5:12  Zealot x2  
  52  5:13  Zealot  
  64  5:22  Extended Thermal Lance  
  64  5:36  Pylon  
  64  5:43  Adept x2  
  64  5:44  Adept  
  70  5:59  Colossus  
  74  6:17  Zealot  
  73  6:18  Zealot x2  
  77  6:31  Probe x2  
  77  6:37  Shield Battery  
  77  6:43  Forge  
  77  6:45  Pylon  
  77  6:52  Warp Prism  
  77  6:53  Twilight Council  
  77  7:02  Pylon  
  77  7:06  Pylon  
  79  7:12  Sentry x3  
  75  7:32  Probe  
  75  7:36  Gateway  
  76  7:38  Probe, Gateway  
  76  7:40  Gateway  
Show
View Real Time Build Order
Export as new Build Order

RipNik Terran 

Build Orders:  

Get SALT Encoding   

  12  0:00  SCV  
  13  0:12  SCV  
  14  0:17  Supply Depot  
  14  0:24  SCV  
  14  0:27  Refinery  
  15  0:38  SCV  
  16  0:50  SCV  
  17  1:05  Barracks  
  17  1:10  Barracks  
  17  1:13  SCV  
  18  1:25  SCV  
  17  1:54  SCV  
  17  1:57  Barracks x2  
  17  1:59  Barracks  
  17  2:00  Barracks  
  18  2:02  Refinery  
  18  2:06  SCV  
  19  2:18  SCV  
  19  2:21  Supply Depot  
  20  2:31  SCV  
  21  2:45  Barracks Reactor  
  21  2:46  Barracks Tech Lab, Barracks Reactor  
  21  2:47  Barracks Tech Lab  
  21  2:53  Orbital Command  
  21  3:06  Supply Depot  
  21  3:14  Marine x2  
  23  3:21  Marine x2  
  23  3:25  Marine x2  
  27  3:32  Marine x2  
  29  3:37  SCV  
  30  3:49  Stimpack  
  30  3:50  Marine  
  30  3:51  Marine  
  30  3:55  Marauder  
  34  4:03  Combat Shield, Marine  
  34  4:05  Marine  
  36  4:12  Marine  
  38  4:21  Marauder  
  38  4:24  Supply Depot  
  40  4:45  SCV  
  40  4:46  Command Center  
  40  4:57  SCV  
  40  4:58  Marine x2  
  43  5:00  Marine x2  
  43  5:05  Marauder  
  47  5:18  Supply Depot  
  47  5:39  Marine x4  
  47  5:40  Marauder  
  48  6:02  Marine x3  
  48  6:03  Marine, Marauder  
  54  6:04  Marauder  
  42  6:26  Marine x4  
  42  6:27  Marauder x2  
  42  6:30  Factory  
  42  6:31  SCV  
  47  6:33  Orbital Command  
  47  6:43  SCV  
  47  6:44  Marine x4  
  52  6:52  Concussive Shells  
  52  6:55  Engineering Bay  
  52  6:58  Engineering Bay  
  52  7:11  Marine  
  52  7:12  Marine x3  
  52  7:13  Marauder, SCV  
  52  7:14  SCV  
  51  7:41  Marine  
  51  7:42  Marine x3  
  51  7:43  Marauder  
Tags
 
Add a new tag
Caveats
  • Supply blocks, unpowered buildings, or Contaminate may cause inaccurate times.
  • Supply counts are checked every 10 seconds.